Map: Hidden Caves

Players

Smurfinator - Winner!

  • Race: Zerg Zerg
  • Spawn Location: 11:00

HOTFATS - Winner!

  • Race: Zerg Zerg
  • Spawn Location: 11:00

Skyline - Winner!

  • Race: Terran Terran
  • Spawn Location: 12:00

Corsario - Winner!

  • Race: Terran Terran
  • Spawn Location: 11:00

IZIZIZIZIZI

  • Race: Terran Terran
  • Spawn Location: 6:00

CaptainSalty

  • Race: Terran Terran
  • Spawn Location: 5:00

marineIMBA

  • Race: Terran Terran
  • League: Master
  • Spawn Location: 5:00

JaiLannister

  • Race: Terran Terran
  • Spawn Location: 5:00

VOD

Have the link to the VOD?

Description

Time

  • Played on: Feb. 10, 2024, 8:50 a.m.
  • Length: 23:17
Show
View Real Time Build Order
Export as new Build Order

Smurfinator Zerg - Winner!

Build Orders: Hatch First, Lurkers 

Get SALT Encoding   

  12  0:02  Drone  
  13  0:09  Drone  
  14  0:17  Overlord  
  14  0:24  Extractor, Drone  
  14  0:28  Extractor  
  14  0:30  Drone  
  15  0:58  Drone, Hatchery  
  15  1:01  Drone  
  16  1:05  Drone  
  17  1:23  Spawning Pool  
  17  1:25  Drone  
  17  1:33  Drone  
  17  1:35  Drone  
  19  1:42  Drone  
  20  1:49  Extractor  
  20  1:52  Drone  
  20  2:03  Drone  
  21  2:11  Metabolic Boost  
  21  2:12  Queen  
  21  2:15  Queen  
  25  2:18  Zergling x2  
  26  2:23  Zergling x2  
  26  2:26  Zergling x2  
  28  2:32  Overlord  
  28  2:55  Queen  
  30  3:06  Spine Crawler  
  29  3:16  Drone x5  
  29  3:17  Drone  
  35  3:26  Lair  
  33  4:11  Drone x4  
  36  4:19  Spine Crawler  
  36  4:24  Drone x2, Spine Crawler  
  35  4:25  Overlord, Spine Crawler  
  35  4:36  Drone x2, Evolution Chamber  
  36  4:43  Hydralisk Den  
  36  4:45  Drone x5  
  39  4:46  Drone x2  
  42  5:01  Spore Crawler  
  42  5:03  Extractor  
  42  5:06  Extractor  
  39  5:23  Drone x5  
  39  5:28  Overlord x4  
  44  5:32  Overlord  
  44  5:33  Overlord  
  44  5:34  Lurker Den  
  43  6:08  Hydralisk x6  
  55  6:13  Drone  
  56  6:20  Hydralisk x2  
  56  6:25  Hatchery  
  59  6:26  Overlord  
  59  6:35  Lurker x5  
  59  6:37  Lurker  
  65  7:03  Hydralisk x6  
  77  7:10  Hydralisk x2  
  81  7:22  Drone x5  
  86  7:31  Nydus Network  
  86  7:34  Hydralisk  
  86  7:36  Overlord  
  87  7:40  Grooved Spines  
  87  7:48  Overseer  
  87  7:51  Hydralisk x2  
  87  7:57  Hydralisk  
  93  7:59  Hydralisk  
  95  8:11  Nydus Canal  
  95  8:30  Muscular Augments  
  95  8:37  Hydralisk  
  95  8:38  Hydralisk x8  
  86  9:05  Hydralisk x6  
  98  9:11  Lurker x2  
  98  9:12  Lurker  
  98  9:15  Extractor, Queen  
  98  9:16  Extractor  
  102  9:17  Drone  
  102  9:18  Drone  
  102  9:20  Drone  
  104  9:24  Nydus Canal  
  104  9:34  Hydralisk  
  104  9:35  Hydralisk x2  
  110  9:47  Nydus Canal  
  110  9:49  Hydralisk x2  
  96  10:44  Hydralisk x4  
  96  10:45  Hydralisk  
  102  10:59  Hydralisk x2  
  70  11:15  Lurker x3  
  70  11:16  Lurker  
  70  11:17  Drone x7  
  75  11:34  Drone x4  
  75  11:35  Drone  
  80  11:42  Nydus Canal  
  80  11:52  Hydralisk x3  
  80  11:53  Hydralisk x6  
  75  12:41  Hydralisk  
  75  12:42  Hydralisk x7  
  75  12:43  Hydralisk  
  86  13:01  Hydralisk x5  
  86  13:02  Hydralisk x2  
  90  13:13  Hydralisk  
  90  13:14  Hydralisk x2  
  96  13:22  Drone x2  
  96  13:24  Extractor  
  97  13:42  Spine Crawler  
  97  13:43  Spine Crawler  
  97  13:44  Spine Crawler  
  97  13:46  Spine Crawler  
  93  13:49  Lurker x2  
  93  13:50  Lurker x6  
  101  13:57  Overseer  
  101  14:03  Drone x3  
  101  14:09  Drone x2  
  106  14:21  Infestation Pit  
  105  14:27  Hatchery  
  104  14:32  Evolution Chamber x2  
  104  14:34  Overseer  
  104  14:35  Overseer x2  
  102  14:57  Nydus Network  
  101  15:17  Overlord x4  
  101  15:18  Overlord x3  
  101  15:19  Nydus Canal  
  101  15:26  Overlord x2  
  101  15:36  Zerg Missile Weapons Level 1, Zerg Ground Armor Level 1  
  101  15:42  Hydralisk  
  101  15:43  Hydralisk x5  
  111  15:55  Hive  
  101  16:16  Hydralisk x7  
  101  16:17  Hydralisk x2  
  111  16:33  Drone x3  
  112  16:49  Lurker  
  113  17:06  Nydus Canal  
  113  17:07  Hydralisk, Nydus Canal  
  113  17:08  Hydralisk x8  
  131  17:15  Queen  
  109  17:41  Extractor  
  109  17:43  Hydralisk x3  
  109  17:44  Hydralisk x7, Extractor  
  99  17:45  Hydralisk x2  
  121  17:57  Drone x3  
  124  18:03  Adaptive Talons  
  124  18:11  Lurker  
  125  18:25  Drone  
  126  18:33  Lurker x3  
  129  18:37  Hydralisk  
  131  19:00  Seismic Spines  
  131  19:20  Nydus Canal  
  131  19:21  Hydralisk, Nydus Canal  
  131  19:22  Hydralisk x5  
  131  19:24  Overlord x7  
  143  19:25  Overlord x7  
  143  19:26  Overlord  
  121  19:52  Hydralisk  
  121  19:53  Hydralisk x8  
  139  20:03  Nydus Canal x2  
  136  20:31  Hydralisk  
  136  20:33  Zerg Missile Weapons Level 2, Zerg Ground Armor Level 2  
  125  21:05  Hydralisk x4  
  125  21:06  Hydralisk x8  
  125  21:07  Hydralisk x4  
  149  21:27  Nydus Canal  
  141  21:57  Hydralisk x9  
  155  22:09  Nydus Canal  
  123  22:37  Hydralisk  
  123  22:39  Hydralisk x3  
Show
View Real Time Build Order
Export as new Build Order

HOTFATS Zerg - Winner!

Build Orders: Hatch First 

Get SALT Encoding   

  12  0:00  Drone  
  13  0:13  Drone  
  14  0:19  Overlord  
  14  0:37  Drone x2  
  14  0:38  Drone  
  17  1:02  Drone  
  17  1:03  Extractor  
  17  1:06  Hatchery  
  16  1:14  Spawning Pool  
  16  1:17  Drone  
  16  1:24  Drone  
  17  1:30  Drone  
  18  1:51  Overlord  
  18  2:00  Queen  
  20  2:01  Zergling x4  
  20  2:05  Metabolic Boost  
  22  2:10  Zergling x2  
  22  2:15  Zergling x2  
  24  2:18  Drone  
  25  2:28  Drone, Queen  
  28  2:34  Overlord  
  27  2:48  Spine Crawler  
  26  2:55  Drone x2  
  28  3:03  Roach Warren  
  27  3:25  Drone x3  
  30  3:27  Drone x2  
  30  3:28  Overlord  
  30  3:30  Overlord  
  30  3:31  Extractor  
  31  3:37  Drone x2  
  33  3:44  Drone  
  33  3:48  Drone  
  35  3:51  Drone  
  36  4:00  Drone  
  36  4:01  Drone  
  38  4:11  Roach  
  38  4:13  Lair  
  40  4:17  Drone x2  
  40  4:19  Overlord  
  40  4:20  Drone  
  43  4:26  Drone x2  
  46  4:31  Drone x2, Spore Crawler  
  46  4:46  Drone x3  
  46  4:47  Drone x3  
  52  4:54  Drone x2  
  52  4:55  Drone x2, Spore Crawler  
  52  4:59  Spore Crawler  
  54  5:01  Overlord  
  54  5:20  Drone x2  
  54  5:21  Drone  
  57  5:24  Drone x3  
  57  5:27  Drone x2  
  62  5:29  Glial Reconstitution  
  62  5:36  Overlord  
  62  5:37  Drone  
  62  5:39  Extractor, Drone  
  62  5:40  Extractor  
  62  5:42  Overseer  
  62  5:44  Drone x2  
  64  5:50  Hatchery  
  64  5:54  Roach x3  
  70  6:00  Drone x2  
  72  6:18  Roach x3  
  78  6:23  Zergling x2  
  78  6:24  Zergling x2  
  78  6:25  Roach  
  75  6:26  Roach, Hatchery  
  75  6:31  Overlord  
  76  6:38  Hydralisk Den  
  75  6:48  Overlord x2  
  75  6:55  Roach x4  
  83  7:02  Overlord  
  83  7:03  Overlord  
  83  7:07  Roach x2  
  83  7:08  Roach, Overlord x2  
  89  7:11  Muscular Augments  
  89  7:15  Drone, Roach x2  
  94  7:25  Roach x2  
  94  7:29  Queen  
  98  7:35  Roach  
  102  7:42  Spine Crawler  
  102  7:43  Roach x2  
  102  7:44  Roach x4  
  109  7:45  Roach  
  113  7:52  Roach x2  
  117  7:59  Drone  
  117  8:01  Overlord  
  117  8:02  Overlord, Spire  
  117  8:04  Queen  
  117  8:05  Drone, Queen  
  120  8:07  Drone  
  123  8:15  Grooved Spines  
  123  8:18  Overseer  
  123  8:19  Drone x3  
  126  8:20  Pneumatized Carapace  
  126  8:21  Roach x2  
  126  8:22  Ravager x5  
  126  8:23  Ravager  
  136  8:30  Roach x2  
  140  8:45  Drone  
  140  8:46  Drone x7  
  140  8:47  Zergling x4  
  150  8:50  Extractor  
  150  8:51  Extractor, Drone  
  149  9:08  Roach x3  
  149  9:09  Roach x2  
  153  9:18  Drone  
  153  9:22  Overlord x2  
  153  9:23  Overlord  
  154  9:30  Zerg Flyer Weapons Level 1  
  154  9:41  Ravager  
  154  9:42  Ravager x4  
  154  9:44  Roach x7  
  173  9:49  Drone x2  
  173  9:51  Evolution Chamber  
  174  9:54  Evolution Chamber  
  173  10:06  Hatchery  
  172  10:08  Roach x3  
  175  10:16  Roach  
  162  10:29  Roach  
  162  10:30  Roach x2, Overlord x3  
  165  10:48  Mutalisk  
  165  10:49  Roach x4  
  169  10:50  Roach x3  
  169  10:51  Overlord  
  171  11:06  Zerg Melee Weapons Level 1  
  171  11:07  Zerg Ground Armor Level 1  
  171  11:11  Zergling x14  
  174  11:12  Infestation Pit  
  174  11:14  Drone  
  174  11:16  Baneling Nest  
  177  11:23  Overseer x3  
  177  11:25  Roach x3  
  183  11:29  Corruptor x4  
  191  11:37  Ravager x3  
  171  12:08  Roach x7  
  172  12:20  Roach x2  
  172  12:22  Roach x5  
  174  12:23  Roach x3  
  172  12:32  Overlord x2  
  172  12:36  Roach  
  156  12:47  Roach x3  
  150  12:53  Zergling x2  
  150  12:54  Zergling x2  
  140  13:06  Roach x2  
  140  13:12  Zergling x6  
  119  13:23  Roach x2  
  119  13:26  Zergling x2  
  108  13:30  Roach  
  76  13:40  Hive, Overlord x2  
  76  13:46  Roach x2  
  76  13:47  Roach x3  
  86  13:50  Zerg Melee Weapons Level 2, Zerg Ground Armor Level 2  
  86  13:52  Zergling x2  
  86  13:54  Hatchery  
  86  13:56  Centrifugal Hooks  
  86  14:04  Drone  
  86  14:05  Drone x4  
  91  14:13  Roach x3  
  91  14:14  Queen  
  91  14:15  Overlord  
  99  14:18  Roach  
  99  14:21  Ravager x3  
  99  14:23  Baneling x3  
  99  14:24  Baneling x2  
  104  14:25  Zergling x10  
  109  14:31  Zergling x2  
  109  14:32  Zergling x2  
  109  14:36  Extractor  
  109  14:37  Roach  
  111  14:39  Extractor  
  111  14:42  Roach  
  111  14:43  Roach  
  113  14:47  Zergling x2  
  113  14:51  Zergling x2  
  113  14:52  Zergling x2  
  110  14:57  Hydralisk  
  110  14:58  Hydralisk x2  
  114  15:05  Drone x4  
  113  15:08  Zergling x2  
  113  15:11  Zergling x4  
  113  15:12  Zergling x2  
  117  15:18  Extractor  
  117  15:21  Zergling x8  
  117  15:27  Spore Crawler  
  120  15:28  Zergling x4  
  121  15:36  Baneling  
  121  15:37  Baneling x2  
  108  15:44  Zergling x14  
  108  15:53  Roach x2  
  108  15:54  Roach x4  
  93  16:06  Zergling x6  
  93  16:07  Zergling x4  
  93  16:09  Baneling x4  
  93  16:10  Baneling x2  
  98  16:14  Queen  
  98  16:20  Ultralisk Cavern  
  88  16:30  Zergling x2  
  88  16:31  Zergling x4, Hydralisk x4  
  97  16:34  Drone x2  
  97  16:36  Drone  
  97  16:37  Drone, Overseer  
  97  16:38  Zergling x8  
  105  16:59  Overlord x2  
  105  17:02  Overseer  
  105  17:09  Ultralisk x4  
  105  17:10  Ultralisk x2  
  105  17:13  Zergling x6  
  138  17:24  Zerg Melee Weapons Level 3  
  138  17:27  Zerg Ground Armor Level 3  
  138  17:35  Zergling x2  
  138  17:36  Zergling x2  
  140  17:42  Ultralisk  
  140  17:43  Zergling x4  
  140  17:44  Zergling x4  
  150  17:55  Zergling x4  
  150  17:56  Zergling x8  
  141  18:11  Zergling x8  
  141  18:12  Ultralisk  
  148  18:19  Chitinous Plating  
  146  18:20  Zergling x2  
  146  18:21  Zergling x2  
  146  18:22  Zergling x2  
  149  18:36  Zergling x12  
  155  18:44  Baneling x5  
  155  18:45  Baneling x6  
  155  18:46  Zergling x6  
  155  18:47  Zergling x2  
  159  18:58  Hatchery  
  159  19:02  Baneling x2  
  147  19:16  Zergling x4  
  147  19:17  Zergling x4  
  137  19:18  Zergling x14  
  137  19:19  Zergling x4  
  146  19:25  Zergling x8  
  146  19:26  Overseer  
  146  19:27  Overseer  
  146  19:29  Zergling x2  
  151  19:36  Zergling x6  
  151  19:38  Anabolic Synthesis  
  152  19:43  Zergling x8  
  149  19:57  Zergling x4  
  152  20:07  Zergling x8  
  152  20:08  Overlord x2  
  155  20:15  Zergling x8  
  155  20:16  Zergling x6  
  155  20:20  Adrenal Glands  
  162  20:24  Drone x2  
  164  20:29  Baneling x5  
  154  20:43  Zergling x2  
  154  20:44  Zergling x4  
  154  20:49  Zergling x6  
  153  20:55  Extractor  
  153  20:56  Zergling x6  
  153  20:57  Zergling x12  
  150  20:58  Extractor  
  150  20:59  Zergling x8  
  157  21:07  Zergling x8, Hydralisk  
  157  21:09  Roach  
  164  21:12  Zergling x2  
  164  21:13  Zergling x4  
  164  21:17  Zergling x6  
  160  21:25  Zergling x8  
  162  21:28  Drone x2  
  162  21:31  Zergling x4  
  162  21:32  Baneling x2  
  160  21:33  Baneling x3  
  160  21:36  Drone  
  160  21:46  Zergling x12  
  154  22:20  Zergling x6  
  154  22:21  Ultralisk  
  161  22:28  Corruptor  
  161  22:29  Corruptor  
  158  22:43  Corruptor x2  
Show
View Real Time Build Order
Export as new Build Order

Skyline Terran - Winner!

Build Orders: Cyclone Opening 

Get SALT Encoding   

  12  0:18  SCV  
  13  0:27  Supply Depot  
  13  0:30  SCV  
  14  0:44  SCV  
  15  0:52  Refinery x2  
  15  0:56  SCV  
  16  1:08  SCV  
  17  1:18  Barracks  
  17  1:20  SCV  
  17  1:25  Engineering Bay  
  18  1:32  SCV  
  19  1:44  SCV  
  20  1:56  SCV  
  21  2:06  Supply Depot  
  21  2:07  Factory  
  21  2:16  Missile Turret  
  21  2:23  Missile Turret  
  21  2:25  Hi-Sec Auto Tracking  
  21  2:27  SCV  
  22  2:39  Orbital Command  
  24  2:51  Cyclone  
  24  3:03  Starport  
  23  3:29  SCV  
  24  3:42  SCV  
  24  3:46  Starport  
  24  3:48  Starport Tech Lab  
  25  3:53  Starport  
  25  4:00  SCV  
  25  4:01  Hyperflight Rotors  
  26  4:17  Command Center  
  26  4:24  Starport Tech Lab  
  26  4:32  Starport Tech Lab  
  26  4:37  Supply Depot  
  26  5:02  Supply Depot  
  26  5:08  Cloaking Field  
  26  5:28  Fusion Core  
  26  5:39  Command Center  
  26  6:14  SCV  
  26  6:18  Supply Depot  
  27  6:19  Banshee x2  
  27  6:24  Banshee  
  36  6:26  SCV  
  37  6:49  Supply Depot  
  36  7:01  Banshee x2  
  36  7:07  Banshee, Armory  
  40  7:54  Banshee x3  
  40  7:56  Terran Ship Weapons Level 1  
  49  8:27  Planetary Fortress  
  49  8:44  SCV  
  50  8:56  SCV  
  51  9:05  Refinery  
  51  9:08  SCV  
  51  9:09  Refinery  
  52  9:20  SCV  
  53  9:32  SCV  
  54  10:27  Banshee x3  
  63  10:42  Terran Ship Weapons Level 2  
  63  10:47  SCV  
  64  10:51  Armory  
  64  10:59  SCV  
  64  11:02  Command Center  
  65  11:09  Banshee x2  
  65  11:10  Banshee  
  74  11:11  SCV  
  74  11:16  Weapon Refit  
  75  11:23  SCV  
  75  11:25  SCV  
  77  11:35  SCV  
  77  11:38  Supply Depot  
  77  11:39  Terran Vehicle And Ship Armor Level 1  
  78  11:49  Supply Depot x2  
  78  11:50  Supply Depot  
  78  11:52  Supply Depot  
  78  12:00  SCV x2  
  80  12:12  SCV x2  
  82  12:24  SCV  
  77  12:36  SCV  
  70  12:44  Banshee x3  
  78  12:52  Planetary Fortress  
  78  12:56  Refinery  
  64  13:35  Refinery  
  64  13:46  SCV  
  65  13:49  Banshee x2  
  65  13:50  Banshee  
  65  13:54  Terran Ship Weapons Level 3  
  74  13:58  SCV  
  75  14:04  SCV  
  76  14:10  SCV  
  76  14:16  SCV  
  78  14:22  SCV  
  79  14:28  SCV  
  80  14:32  Banshee x2  
  80  14:34  SCV  
  87  14:40  SCV  
  88  14:46  SCV  
  88  14:52  SCV  
  91  15:04  SCV  
  88  15:16  SCV  
  89  15:21  Battlecruiser x2  
  89  15:22  Battlecruiser  
  89  15:23  Terran Vehicle And Ship Armor Level 2  
  107  15:28  SCV  
  53  17:31  Command Center  
  53  18:53  Battlecruiser  
  59  19:00  Refinery  
  59  19:31  Refinery  
  59  22:50  Orbital Command  
Show
View Real Time Build Order
Export as new Build Order

Corsario Terran - Winner!

Build Orders: 2 Factory, Mech 

Get SALT Encoding   

  12  0:03  SCV  
  13  0:15  SCV  
  14  0:21  Supply Depot  
  14  0:27  SCV  
  15  0:43  SCV  
  15  0:44  Barracks  
  16  0:55  SCV  
  17  1:07  SCV  
  17  1:11  Refinery x2  
  18  1:19  SCV  
  19  1:31  SCV  
  20  1:35  Marine  
  20  1:37  Bunker  
  21  1:43  Orbital Command  
  21  1:53  Marine  
  22  2:04  Factory  
  22  2:10  Marine  
  23  2:19  Supply Depot  
  23  2:27  Factory  
  23  2:29  Marine  
  23  2:30  SCV  
  25  2:42  SCV  
  26  2:49  Factory Tech Lab  
  26  2:54  SCV  
  27  3:02  Supply Depot  
  27  3:06  SCV  
  27  3:09  Siege Tank  
  27  3:12  Widow Mine  
  33  3:18  SCV  
  34  3:34  Factory  
  34  3:41  Factory Tech Lab  
  34  4:02  Command Center, Engineering Bay  
  34  4:04  Siege Tank  
  37  4:10  Siege Tank  
  40  4:19  SCV  
  41  4:29  Armory  
  41  4:31  SCV  
  41  4:37  Widow Mine  
  44  4:43  SCV, Widow Mine  
  47  5:10  Widow Mine x2, SCV  
  52  5:17  Missile Turret  
  52  5:21  Missile Turret  
  52  5:22  SCV  
  52  5:26  Orbital Command  
  53  5:32  Widow Mine  
  55  5:40  SCV  
  56  5:53  SCV  
  56  5:54  Missile Turret  
  58  5:57  Missile Turret, SCV  
  58  6:03  Missile Turret  
  58  6:04  Armory  
  58  6:05  SCV  
  59  6:20  Command Center  
  59  6:23  Siege Tank  
  62  6:36  Sensor Tower  
  62  6:37  SCV  
  62  6:38  Missile Turret, SCV  
  64  6:49  SCV  
  64  6:50  SCV  
  64  6:52  Refinery x2  
  66  6:58  Siege Tank  
  67  7:02  SCV x2  
  62  7:15  Widow Mine  
  59  7:31  Siege Tank  
  59  7:36  Siege Tank  
  53  7:50  Orbital Command  
  53  8:03  Terran Vehicle Weapons Level 1, Siege Tank, Terran Vehicle And Ship Armor Level 1  
  56  8:08  Siege Tank  
  59  8:13  SCV x2, Refinery  
  61  8:24  Missile Turret  
  61  8:25  SCV  
  62  8:32  SCV x2  
  64  8:37  SCV  
  64  8:39  Factory  
  65  8:43  Factory  
  65  8:44  Factory  
  65  8:45  SCV x2  
  65  8:46  Factory  
  67  8:49  SCV  
  68  9:00  Widow Mine x2  
  72  9:05  Missile Turret  
  72  9:10  Refinery  
  70  9:20  SCV  
  70  9:21  Widow Mine x2, SCV x2  
  77  9:32  SCV  
  77  9:33  Factory Tech Lab x4, SCV x2  
  80  9:45  Widow Mine x2  
  84  9:47  Drilling Claws  
  84  9:54  Widow Mine x3  
  84  9:55  Widow Mine  
  84  9:56  Smart Servos  
  84  9:57  Infernal Pre-Igniter, Hurricane Engines  
  92  10:15  Supply Depot  
  92  10:17  Supply Depot x2  
  92  10:19  Supply Depot  
  92  10:22  Siege Tank  
  92  10:23  Siege Tank  
  91  10:34  Missile Turret  
  91  10:36  Missile Turret x2  
  91  10:38  Widow Mine  
  91  10:39  Widow Mine x2  
  97  11:03  SCV x3  
  100  11:07  Missile Turret  
  100  11:11  Sensor Tower  
  100  11:12  Siege Tank  
  100  11:13  Widow Mine  
  100  11:15  SCV x2  
  100  11:16  SCV  
  108  11:27  SCV  
  109  11:35  Siege Tank x2  
  115  11:51  Widow Mine x4  
  114  12:03  Terran Vehicle Weapons Level 2  
  114  12:05  Terran Vehicle And Ship Armor Level 2  
  114  12:07  Siege Tank x2  
  120  12:10  SCV x3  
  123  12:29  Siege Tank  
  124  12:32  Siege Tank  
  124  12:33  Supply Depot  
  124  12:34  Supply Depot x2  
  124  12:35  Supply Depot  
  125  12:55  Siege Tank x2  
  125  12:56  Siege Tank x2  
  137  13:01  Siege Tank  
  137  13:04  Siege Tank  
  145  13:27  Siege Tank, Widow Mine  
  145  13:28  Siege Tank, Widow Mine  
  145  13:33  Siege Tank  
  153  13:36  Siege Tank  
  156  13:56  Siege Tank x2  
  156  13:59  Siege Tank  
  165  14:08  Widow Mine x3  
  169  14:28  Widow Mine x2, Terran Vehicle And Ship Armor Level 3, Terran Vehicle Weapons Level 3  
  169  14:29  Widow Mine  
  145  15:08  Command Center  
  145  15:33  Widow Mine  
  145  15:34  Widow Mine x5  
  157  15:55  Widow Mine x3  
  142  16:24  Siege Tank  
  142  16:25  Siege Tank x4  
  148  16:26  Widow Mine  
  136  16:48  Widow Mine  
  138  16:57  Siege Tank x2, Widow Mine x3  
  144  17:20  Barracks Tech Lab  
  144  17:36  Ghost Academy  
  144  17:37  Ghost Academy  
  144  17:45  Orbital Command  
  144  18:14  Ghost  
  140  18:42  Ghost  
  140  18:44  Command Center  
  142  18:53  Personal Cloaking  
  142  18:54  Nuke  
  142  19:37  Ghost Academy  
  142  19:38  Ghost Academy  
  142  19:39  Ghost Academy  
  140  20:19  Nuke  
  136  20:29  Ghost  
  138  20:35  Nuke  
  138  20:36  Nuke x2  
  126  20:57  Thor x2  
  126  20:58  Thor x2  
  117  21:08  Orbital Command  
  111  21:11  Missile Turret  
  111  21:17  Thor  
  117  21:28  SCV x3  
  117  21:31  Thor  
  126  21:37  Missile Turret  
  125  21:40  SCV  
  114  22:04  Thor x2  
  126  22:20  Thor  
  132  22:39  Command Center  
  132  22:42  Refinery  
Show
View Real Time Build Order
Export as new Build Order

IZIZIZIZIZI Terran 

Build Orders:  

Get SALT Encoding   

  12  0:00  SCV  
  13  0:12  SCV  
  14  0:17  Supply Depot  
  14  0:24  SCV  
  15  0:38  SCV  
  15  0:41  Barracks  
  16  0:43  Refinery  
  16  0:50  SCV  
  17  1:03  SCV  
  18  1:15  SCV  
  19  1:27  Orbital Command  
  19  1:29  Barracks Reactor  
  19  1:45  Command Center  
  19  1:47  Supply Depot  
  19  1:59  Barracks  
  19  2:03  SCV  
  19  2:06  Refinery  
  20  2:12  Marine x2  
  22  2:19  SCV  
  23  2:29  Factory  
  23  2:32  Marine x2  
  23  2:34  SCV  
  26  2:46  SCV  
  26  2:50  Barracks Tech Lab  
  27  2:53  Marine, Supply Depot  
  27  2:54  Marine  
  29  3:04  Orbital Command  
  29  3:10  Stimpack  
  29  3:14  Factory Tech Lab  
  29  3:19  SCV  
  30  3:26  Marine x2  
  32  3:30  SCV  
  33  3:42  Bunker  
  33  3:43  SCV x2  
  33  3:47  Siege Tank  
  38  3:52  Refinery  
  38  3:55  SCV  
  39  3:59  Starport  
  39  4:01  SCV  
  40  4:06  Marine x2  
  40  4:07  SCV, Marine  
  44  4:20  SCV x2  
  44  4:23  Siege Tank  
  49  4:24  Marine  
  49  4:27  Supply Depot  
  50  4:35  Supply Depot  
  50  4:37  Starport Reactor  
  50  4:39  Marine x2  
  50  4:42  Marine  
  50  4:44  SCV  
  54  4:49  SCV  
  55  4:56  SCV  
  55  4:57  Combat Shield  
  56  5:01  Barracks, SCV  
  56  5:04  Barracks  
  57  5:14  Medivac x2  
  57  5:17  Marine x2  
  57  5:18  Marine  
  64  5:23  Siege Tank  
  64  5:26  SCV x2  
  69  5:30  Supply Depot  
  69  5:35  Supply Depot  
  69  5:38  SCV  
  70  5:50  Barracks Reactor  
  70  5:51  Barracks Reactor  
  70  5:52  SCV, Medivac x2  
  75  5:57  Refinery  
  75  6:03  SCV  
  76  6:04  SCV  
  76  6:06  Factory  
  76  6:09  Marine x2  
  76  6:10  Marine  
  80  6:13  Supply Depot  
  80  6:14  Supply Depot  
  80  6:16  Concussive Shells  
  80  6:26  Marine  
  80  6:27  Marine x2  
  83  6:35  Marine x2  
  83  6:36  Marine  
  83  6:39  Command Center  
  86  6:43  Engineering Bay  
  86  6:49  Engineering Bay  
  86  6:55  Marine x4  
  86  6:56  Marine  
  68  7:37  Factory Tech Lab  
  68  7:39  Marine x3  
  68  7:40  Marauder, Marine x3  
  68  7:43  Terran Infantry Weapons Level 1  
  68  7:44  Terran Infantry Armor Level 1  
  76  7:48  Armory  
  76  7:51  Orbital Command  
  76  7:54  Missile Turret  
  76  7:57  Marine x2  
  78  8:01  Marauder  
  78  8:04  Barracks, Siege Tank x2  
  86  8:24  Marine x5  
  86  8:25  Marine, Marauder  
  94  8:28  Medivac x2  
  90  8:36  Siege Tank  
  91  8:42  Marine x3  
  91  8:46  Marauder  
  91  9:02  Barracks Tech Lab  
  86  9:12  Orbital Command  
  86  9:29  Supply Depot  
  86  9:30  Supply Depot  
  86  9:31  Supply Depot  
  86  9:36  Supply Depot  
  86  9:37  Supply Depot x2  
  86  9:38  Supply Depot  
  86  9:39  Supply Depot  
  86  9:51  Siege Tank x2, Marine x5, SCV  
  86  9:52  Marine x2, Marauder, SCV  
  103  10:00  Medivac  
  103  10:03  SCV  
  106  10:09  Marine  
  106  10:13  Marauder  
  109  10:31  Marine x7  
  109  10:34  SCV x3  
  109  10:35  Marauder  
  121  10:46  SCV x3  
  121  10:49  Marine x6  
  130  11:16  Marine  
  130  11:17  Marauder x2, Marine x4  
  130  11:18  Marine  
  139  11:20  Medivac  
  139  11:21  Siege Tank x2  
  148  11:28  Supply Depot  
  148  11:29  Supply Depot  
  148  11:34  Marine  
  148  11:36  Refinery  
  148  11:37  Marine x3  
  148  11:38  Refinery x3  
  149  11:42  Supply Depot  
  149  11:44  Supply Depot  
  149  11:45  Supply Depot  
  149  11:47  Missile Turret  
  149  11:49  Medivac, Marine  
  149  11:50  Marauder x2  
  156  11:55  Marine x2  
  156  11:56  Marine x3  
  161  12:03  Terran Infantry Armor Level 2  
  161  12:07  Marine  
  162  12:11  Marauder x2  
  162  12:13  Marine x2  
  152  12:32  Marauder  
  152  12:36  Marine  
  147  12:37  Marine x6  
  149  12:53  Marine  
  149  12:54  Marine x2  
  149  12:55  Marine x5  
  139  13:11  Marine  
  139  13:12  Marine x5  
  138  13:13  Marine  
  138  13:14  Marine  
  120  13:29  Marine  
  120  13:30  Marine x5  
  120  13:31  Marine x2  
  111  13:47  Medivac x2, Marine x2  
  111  13:48  Terran Infantry Weapons Level 2, Marine x4  
  113  13:49  Marine x2  
  119  13:58  Missile Turret  
  119  14:04  Marine  
  119  14:05  Marine  
  119  14:06  Marine x5  
  119  14:07  Marine  
  127  14:22  Siege Tank x2, Marine  
  127  14:23  Marine  
  127  14:24  Marine x5  
  136  14:25  Marine  
  141  14:40  Marine  
  141  14:41  Marine x2  
  144  14:54  Siege Tank x2, Marine x2  
  144  14:55  Marauder, Marine x2  
  144  14:58  Marine  
  144  14:59  Marine x2  
  159  15:03  Supply Depot  
  159  15:05  Supply Depot  
  159  15:06  Supply Depot  
  159  15:07  Supply Depot  
  159  15:08  Supply Depot  
  159  15:09  Supply Depot  
  159  15:10  Supply Depot  
  159  15:12  Marine x4  
  163  15:16  Marauder  
  163  15:17  Marauder  
  167  15:26  Siege Tank x2  
Show
View Real Time Build Order
Export as new Build Order

CaptainSalty Terran 

Build Orders: 2 Factory 

Get SALT Encoding   

  12  0:03  SCV  
  13  0:15  SCV  
  13  0:18  Supply Depot  
  14  0:27  SCV  
  15  0:40  SCV  
  16  0:45  Barracks  
  16  0:49  Refinery  
  16  0:52  SCV  
  17  1:04  SCV  
  17  1:08  Refinery  
  18  1:17  SCV  
  19  1:29  SCV  
  20  1:41  Orbital Command  
  20  2:10  Command Center  
  20  2:15  Factory  
  20  2:19  Factory  
  20  2:21  SCV  
  21  2:32  Engineering Bay  
  21  2:35  SCV  
  22  2:47  SCV  
  23  3:01  Factory Tech Lab  
  23  3:05  Factory Tech Lab  
  23  3:21  Siege Tank, SCV  
  27  3:29  Supply Depot  
  27  3:35  Supply Depot  
  27  3:40  Orbital Command  
  27  3:42  SCV  
  27  3:44  Siege Tank  
  31  3:53  Siege Tank  
  31  3:54  Supply Depot  
  34  3:58  Supply Depot  
  34  4:13  Orbital Command  
  34  4:22  SCV  
  35  4:24  Siege Tank  
  38  4:34  SCV  
  39  4:46  SCV  
  39  4:48  SCV  
  41  4:58  SCV  
  42  5:00  SCV  
  43  5:10  SCV  
  43  5:12  SCV  
  45  5:15  Siege Tank x2, Supply Depot x2  
  45  5:16  Supply Depot  
  45  5:21  Hi-Sec Auto Tracking  
  51  5:23  SCV  
  51  5:24  SCV  
  53  5:38  Supply Depot  
  53  5:39  Missile Turret x2, Supply Depot  
  53  5:40  Missile Turret  
  53  5:42  Supply Depot, SCV  
  54  5:48  Missile Turret  
  54  5:57  SCV  
  54  5:58  SCV  
  56  6:10  SCV x2  
  58  6:21  Missile Turret  
  58  6:22  SCV x2  
  58  6:23  Command Center  
  60  6:29  Missile Turret  
  60  6:33  Missile Turret  
  60  6:34  Neosteel Armor, SCV x2  
  60  6:36  Siege Tank  
  60  6:37  Missile Turret  
  60  6:38  Missile Turret x2  
  65  6:46  SCV x2  
  67  6:58  SCV x2  
  69  7:01  Siege Tank  
  72  7:09  Refinery  
  72  7:10  SCV x2  
  72  7:11  Refinery  
  74  7:22  SCV x2  
  76  7:32  Missile Turret  
  76  7:33  Missile Turret  
  76  7:34  SCV x2  
  78  7:40  Missile Turret  
  78  7:49  Siege Tank  
  78  7:50  Siege Tank  
  84  8:06  Armory  
  84  8:15  SCV x2  
  84  8:16  Missile Turret  
  86  8:24  Missile Turret  
  87  8:27  Planetary Fortress, SCV x2  
  88  8:39  Missile Turret, SCV x2  
  90  8:44  Missile Turret  
  90  8:51  SCV  
  90  8:53  Missile Turret  
  91  9:00  Missile Turret  
  91  9:01  Siege Tank  
  91  9:02  Siege Tank  
  97  9:05  Refinery  
  97  9:08  Missile Turret, Refinery  
  97  9:17  Missile Turret  
  97  9:20  Armory  
  94  9:33  Siege Tank  
  94  9:42  Missile Turret  
  93  9:48  Missile Turret  
  92  9:53  Missile Turret  
  92  9:57  Missile Turret  
  92  9:58  Missile Turret  
  88  10:10  Missile Turret  
  86  10:27  Command Center  
  86  10:37  Siege Tank  
  86  10:38  Thor  
  95  10:53  Terran Vehicle Weapons Level 1, Terran Vehicle And Ship Armor Level 1  
  95  10:54  Factory  
  95  10:58  Supply Depot  
  95  11:21  Supply Depot  
  95  11:22  Missile Turret  
  95  11:24  Missile Turret x2  
  95  11:25  Missile Turret  
  80  12:11  Thor x2  
  92  12:21  Factory Tech Lab  
  92  12:30  Supply Depot  
  92  12:32  Supply Depot x2  
  92  12:35  Supply Depot  
  89  12:49  Thor  
  95  12:53  Thor  
  95  12:54  Thor  
  95  12:55  Supply Depot  
  107  13:04  Planetary Fortress  
  107  13:11  Refinery  
  107  13:32  Thor  
  113  13:38  Supply Depot  
  113  13:40  Factory, Supply Depot  
  113  13:43  Siege Tank, Thor  
  122  14:01  Supply Depot  
  122  14:03  Supply Depot  
  122  14:15  Thor  
  127  14:44  Thor x2  
  139  14:58  Thor  
  133  15:43  Command Center  
  94  16:22  Thor  
  94  16:23  Thor  
  73  16:37  Factory Tech Lab  
  73  16:43  Terran Vehicle Weapons Level 2  
  73  17:05  Thor  
  73  17:06  Thor  
  85  17:12  Thor  
  79  17:16  Factory Tech Lab  
  79  17:28  Supply Depot  
  79  17:30  Supply Depot x2  
  79  17:31  Supply Depot  
  72  17:50  Thor  
  77  17:51  Thor  
  77  17:58  Thor x2  
  84  18:33  Thor  
  84  18:34  Thor  
  87  18:41  Thor  
Show
View Real Time Build Order
Export as new Build Order

marineIMBA Terran 

Build Orders: Liberator Opening 

Get SALT Encoding   

  12  0:02  SCV  
  13  0:21  Supply Depot  
  13  0:24  SCV  
  14  0:29  Refinery  
  14  0:36  SCV  
  15  0:48  SCV  
  16  0:58  Barracks  
  16  1:02  SCV  
  17  1:14  SCV  
  18  1:26  SCV  
  19  1:38  SCV  
  20  1:45  Reaper  
  22  1:55  Orbital Command  
  22  2:00  Command Center  
  21  2:12  Factory  
  21  2:22  Supply Depot  
  21  2:23  SCV  
  21  2:26  Barracks Reactor  
  22  2:33  Refinery  
  22  2:35  SCV  
  23  2:47  SCV  
  24  2:59  SCV  
  24  3:01  Starport  
  25  3:10  Barracks Tech Lab, Hellion x2  
  28  3:15  Orbital Command  
  28  3:16  SCV  
  29  3:31  Hellion x2  
  29  3:32  SCV  
  33  3:47  SCV x2  
  33  3:48  Liberator  
  37  3:51  Stimpack  
  35  4:08  SCV x2  
  36  4:12  Widow Mine  
  36  4:13  Widow Mine  
  40  4:24  SCV x2  
  42  4:40  Supply Depot  
  42  4:46  SCV x2  
  42  4:51  Supply Depot  
  44  4:58  SCV  
  45  5:07  Starport Reactor  
  45  5:08  Barracks  
  45  5:10  Barracks  
  45  5:12  Factory Tech Lab  
  45  5:15  Marine  
  46  5:23  SCV x2  
  45  5:30  Command Center  
  45  5:35  SCV  
  46  5:37  Marine  
  46  5:39  SCV  
  48  5:47  SCV  
  49  5:51  Engineering Bay x2  
  49  5:54  Starport Reactor, SCV  
  49  5:56  Marine x3  
  54  5:57  Refinery x2  
  54  6:02  Siege Tank, Combat Shield  
  56  6:08  Marine x2  
  56  6:10  SCV x2  
  60  6:14  Marine  
  60  6:17  Supply Depot  
  61  6:26  Marine  
  62  6:35  Terran Infantry Weapons Level 1, Terran Infantry Armor Level 1  
  62  6:38  SCV x2, Marine x3  
  67  6:40  Marine  
  67  6:43  Orbital Command, Marine  
  69  6:49  Missile Turret  
  69  6:50  SCV  
  70  7:04  Barracks x2, SCV x2  
  70  7:06  Barracks  
  72  7:09  Medivac  
  72  7:10  Medivac  
  72  7:13  SCV  
  77  7:16  SCV  
  77  7:18  SCV  
  77  7:20  Marine  
  77  7:21  Marine x2  
  82  7:25  SCV  
  82  7:28  Supply Depot  
  82  7:29  SCV  
  84  7:31  Supply Depot  
  84  7:35  SCV  
  85  7:49  Marauder, Medivac x2, Marine x2  
  93  7:52  Barracks Tech Lab, Marine x2  
  93  7:53  Barracks Tech Lab x2  
  93  7:55  SCV x3  
  98  8:02  Sensor Tower  
  98  8:06  Armory  
  98  8:07  SCV x3  
  101  8:14  Supply Depot  
  101  8:15  Supply Depot  
  101  8:16  Supply Depot  
  101  8:21  Supply Depot  
  101  8:22  Refinery x2  
  101  8:35  Marauder, SCV x3, Marine x2  
  108  8:47  Siege Tank  
  115  8:48  Marauder x2  
  115  8:49  Concussive Shells, Marauder  
  115  8:53  Terran Vehicle Weapons Level 1  
  117  9:07  Command Center  
  87  9:20  Marauder x3  
  87  9:21  Marauder, Marine x4  
  87  9:22  Siege Tank  
  87  9:24  Medivac x2  
  106  9:39  Marine  
  106  9:43  Marauder x3  
  106  9:44  Marine x3, Marauder  
  118  9:46  SCV x2  
  118  9:47  SCV  
  121  9:53  Medivac  
  121  9:54  Siege Tank, Medivac  
  121  9:55  Supply Depot  
  121  9:56  Marine  
  121  9:58  SCV, Supply Depot  
  121  9:59  Supply Depot, SCV x2  
  113  10:22  Marauder  
  117  10:29  Marauder, Marine x4  
  118  10:37  Engineering Bay  
  117  10:43  Marauder  
  117  10:47  Marine x3  
  97  11:09  Orbital Command  
  77  11:22  Terran Infantry Weapons Level 2  
  77  11:26  Marine  
  77  11:27  Marauder, Marine x3, Engineering Bay  
  83  11:34  SCV x2  
  85  11:44  Marine x2  
  85  11:45  Marine  
  85  11:46  SCV x2  
  90  11:48  Marauder  
  90  11:49  Marine  
  90  11:50  Barracks  
  90  11:52  Barracks x2  
  90  11:54  Barracks  
  88  11:58  SCV  
  88  11:59  SCV  
  86  12:02  Marine x3  
  86  12:07  Marine  
  86  12:09  Marauder  
  80  12:20  Marine x3  
  59  12:24  Marine  
  45  12:31  Marauder  
  43  12:38  Marine x3  
  43  12:42  Marine  
  47  12:44  Marine  
  48  12:52  Marauder  
  48  12:56  Marine x3  
  53  13:00  Marine  
  54  13:09  Starport  
  54  13:12  Barracks  
  54  13:13  Orbital Command, Barracks  
  54  13:14  Barracks, Marauder  
  54  13:15  Barracks  
  56  13:20  Marine x2  
  56  13:21  Barracks Tech Lab  
  58  13:27  SCV x2  
  60  13:35  Marauder  
  60  13:39  SCV x2  
  64  13:48  SCV  
  65  13:51  SCV x2  
  65  13:54  Marauder, Marine x4  
  73  13:56  Marine  
  73  13:58  Starport Reactor  
  73  13:59  Factory Tech Lab  
  74  14:08  Armory, SCV x3  
  77  14:11  Marine  
  77  14:12  Marine x2  
  77  14:14  Marauder  
  82  14:17  Barracks Tech Lab x2  
  82  14:18  Barracks Tech Lab x2  
  82  14:20  Orbital Command  
  82  14:22  Siege Tank  
  85  14:25  Marauder, Marine  
  85  14:29  Marine x2  
  85  14:30  SCV x2  
  85  14:31  SCV  
  93  14:32  Missile Turret  
  93  14:35  Missile Turret  
  93  14:36  Marauder x3  
  99  14:42  SCV  
  100  14:47  SCV x3  
  100  14:49  Orbital Command  
  103  14:53  Marauder x3  
  103  14:54  SCV  
  101  15:16  SCV  
  101  15:17  SCV x2  
  104  15:28  Missile Turret  
  104  15:29  Medivac x2  
  104  15:30  Missile Turret  
  104  15:33  SCV  
  104  15:34  Missile Turret, SCV x2  
  104  15:35  Missile Turret  
  111  15:40  Missile Turret  
  111  15:43  Missile Turret, Marauder x4  
  111  15:44  Marine x2, Marauder x2  
  107  15:59  Marine x2  
  107  16:00  Missile Turret  
  107  16:02  Marine x2  
  111  16:04  Marauder x2  
  111  16:05  Marine, Missile Turret, Marauder x3  
  118  16:17  Marine x2  
  120  16:20  Marine  
  120  16:23  Marauder  
  112  16:26  Marauder x2  
  112  16:30  Marine, Marauder x3  
  112  16:32  SCV x4  
  117  16:35  Terran Infantry Armor Level 2, Marine  
  117  16:36  Terran Infantry Weapons Level 3  
  117  16:37  Missile Turret  
  117  16:39  Missile Turret  
  118  16:40  Marine x2  
  118  16:41  Medivac x2  
  118  16:42  Missile Turret  
  118  16:44  SCV x2  
  118  16:45  Marauder  
  130  16:47  Marauder x2  
  130  16:48  Marine  
  130  16:49  Refinery x2  
  130  16:51  Marauder, Marine  
  130  16:52  Marine, Marauder  
  139  16:58  Marine  
  139  17:00  Missile Turret  
  140  17:01  Missile Turret  
  140  17:07  Marine x2  
  140  17:08  Marine  
  142  17:09  Marine  
  142  17:10  Command Center  
  142  17:11  Medivac x2  
  148  17:20  Marauder  
  148  17:21  Marauder x3  
  156  17:23  Marine x2  
  156  17:25  Marine x2  
  156  17:26  Marine  
  161  17:37  Marauder  
  163  17:42  Marauder x4  
  171  17:50  Supply Depot  
  171  17:51  Marauder, Supply Depot x2  
  173  17:57  SCV x2  
  173  17:58  Marauder, SCV  
  158  18:09  SCV  
  158  18:13  Orbital Command  
  158  18:19  Thor  
  164  18:21  Marauder x2  
  164  18:22  Marauder  
  164  18:26  SCV x2  
  172  18:39  SCV x2  
  174  18:41  Missile Turret  
  174  18:43  Refinery  
  174  18:49  Sensor Tower  
  131  19:18  Marauder x3  
  131  19:19  Marine x2, Marauder x3  
  131  19:22  SCV x3  
  148  19:27  Medivac x2  
  148  19:30  Command Center  
  152  19:32  Terran Vehicle Weapons Level 2  
  149  19:39  Marauder  
  111  19:52  Marine, Marauder x5  
  110  19:53  Marine x3  
  114  20:01  Marauder  
  116  20:10  Marine  
  116  20:11  Marine x2  
  116  20:13  Marauder x2  
  116  20:14  Marauder x3  
  129  20:18  Marine  
  130  20:22  Marauder  
  132  20:28  Marine x2  
  132  20:32  SCV x3  
  132  20:35  Marauder x3  
  98  21:00  Thor  
  98  21:02  Marine x2, Marauder x4  
Show
View Real Time Build Order
Export as new Build Order

JaiLannister Terran 

Build Orders: 2 Factory, Reaper Expand 

Get SALT Encoding   

  12  0:13  Supply Depot, SCV  
  13  0:25  SCV  
  14  0:36  Barracks  
  14  0:40  Refinery  
  14  0:43  SCV  
  15  0:55  SCV  
  16  1:07  SCV  
  17  1:19  SCV  
  18  1:26  Reaper  
  19  1:36  Command Center  
  19  1:41  SCV  
  19  1:46  Refinery  
  20  1:54  SCV  
  20  1:58  Reaper  
  22  2:06  Supply Depot  
  22  2:10  Orbital Command  
  22  2:27  Factory  
  22  2:42  Factory, SCV  
  23  2:52  Orbital Command  
  21  3:27  Cyclone x2  
  25  3:34  Engineering Bay  
  25  3:39  Factory, SCV  
  26  3:44  SCV  
  27  3:51  SCV  
  28  3:56  SCV  
  29  4:03  SCV  
  29  4:04  Factory Tech Lab x2  
  30  4:15  SCV  
  31  4:17  SCV  
  31  4:18  Sensor Tower  
  31  4:20  Refinery  
  31  4:22  Refinery  
  32  4:24  Cyclone x2  
  32  4:26  Hurricane Engines  
  32  4:27  SCV  
  32  4:30  SCV  
  38  4:37  Infernal Pre-Igniter  
  38  4:39  SCV  
  38  4:42  SCV  
  38  4:45  Supply Depot  
  40  4:52  SCV  
  41  4:54  SCV  
  42  5:01  Cyclone x2  
  42  5:06  SCV  
  42  5:07  Hellion  
  49  5:08  SCV  
  50  5:18  SCV  
  50  5:20  SCV  
  52  5:22  Supply Depot  
  52  5:30  SCV  
  52  5:34  SCV  
  54  5:40  Cyclone  
  54  5:42  Hellion  
  58  5:49  Command Center  
  58  5:53  SCV  
  59  5:57  SCV  
  60  6:14  Factory, Armory  
  60  6:15  Sensor Tower, Armory  
  60  6:32  Cyclone x3  
  66  7:11  Orbital Command  
  66  7:16  Refinery  
  66  7:18  Factory Reactor  
  66  7:19  Factory Reactor  
  66  7:20  Refinery  
  66  7:22  Factory  
  64  7:23  Terran Vehicle Weapons Level 1  
  64  7:24  Terran Vehicle And Ship Armor Level 1  
  42  7:54  SCV x3  
  42  7:55  Missile Turret  
  45  7:59  Cyclone x4  
  45  8:00  Cyclone x2  
  57  8:06  SCV  
  57  8:07  SCV x2  
  57  8:11  Hi-Sec Auto Tracking  
  57  8:12  Factory Reactor  
  60  8:14  Factory  
  60  8:16  Missile Turret  
  60  8:18  SCV  
  60  8:19  SCV x2  
  63  8:31  Hellion  
  63  8:32  Hellion x2, Cyclone  
  71  8:35  Cyclone x2  
  71  8:38  Missile Turret  
  75  8:53  Cyclone x2  
  71  9:00  Cyclone x4  
  79  9:04  Cyclone  
  79  9:07  Cyclone  
  83  9:11  Cyclone  
  85  9:37  Supply Depot  
  85  9:45  Terran Vehicle Weapons Level 2  
  85  9:48  Terran Vehicle And Ship Armor Level 2  
  85  9:53  Supply Depot  
  85  9:59  Cyclone x4  
  93  10:00  Supply Depot  
  92  10:15  Cyclone  
  78  10:36  Cyclone  
  78  10:37  Cyclone x2  
  78  10:41  Cyclone x4  
  66  11:00  Cyclone x2  
  66  11:03  Supply Depot  
  68  11:26  Supply Depot  
  68  11:36  Cyclone x6  
  68  11:37  Cyclone x2  
  84  11:48  Hellion  
  84  11:49  Supply Depot  
  76  12:10  Hellion  
  76  12:12  Supply Depot  
  76  12:13  Cyclone x4  
  76  12:14  Hellion, Cyclone x3  
  88  12:31  Hellion  
  88  12:35  Cyclone  
  63  12:45  Cyclone x3  
  69  12:51  Cyclone x3  
  69  12:52  Cyclone x2  
  79  13:08  Cyclone  
  61  13:28  Orbital Command  
  61  13:35  Cyclone x5  
  61  13:36  Cyclone x3  
  61  13:40  Hellion, Terran Vehicle Weapons Level 3  
  79  13:42  Terran Vehicle And Ship Armor Level 3  
  79  13:57  SCV x3  
  82  14:09  SCV x3  
  85  14:25  Cyclone x4  
  85  14:26  Hellion x2  
  95  14:42  Cyclone x3  
  101  14:47  Hellion, Cyclone  
  69  15:15  Missile Turret  
  69  15:20  Refinery  
  69  15:29  Cyclone x6  
  69  15:30  Hellion x3  
  69  15:35  Missile Turret  
  87  15:55  Missile Turret  
  73  16:16  Missile Turret  
  53  16:40  Cyclone x5  
  57  16:59  Terran Ship Weapons Level 1  
  43  17:59  Starport x2  
  43  18:00  Starport  
  43  18:01  Starport x2  
  43  18:06  Starport  
  43  18:26  Missile Turret  
  43  18:29  Neosteel Armor  
  43  18:39  Starport Tech Lab x4  
  43  18:40  Starport Tech Lab  
  43  18:44  Starport Tech Lab  
  43  18:45  Fusion Core  
  43  18:48  Missile Turret  
  43  19:02  Terran Ship Weapons Level 2  
  43  19:07  Missile Turret  
  43  19:23  Hellion x5  
  53  19:27  Missile Turret  
  53  19:33  Battlecruiser x4  
  53  19:34  Battlecruiser x2  
  89  19:48  Missile Turret  
  89  19:59  Siege Tank x2  
  95  20:00  Factory Tech Lab  
  85  20:37  Raven  
  92  20:57  Battlecruiser x2  
Tags
 
Add a new tag
Caveats
  • Supply blocks, unpowered buildings, or Contaminate may cause inaccurate times.
  • Supply counts are checked every 10 seconds.